Map: 16-Bit LE

Players

Snute - Winner!

  • Race: Zerg Zerg
  • Spawn Location: 7:00

Denver

  • Race: Zerg Zerg
  • Spawn Location: 1:00

Event: WCS Valencia 2018

VOD

Have the link to the VOD?

Description

Time

  • Played on: July 12, 2018, 1:34 p.m.
  • Length: 9:39

All games in this series

Show
View Real Time Build Order
Export as new Build Order

Snute Zerg - Winner!

Build Orders: Hatch First, Roach Hydra 

Get SALT Encoding   

  12  0:00  Drone  
  13  0:13  Overlord  
  13  0:17  Drone  
  14  0:31  Drone x2  
  14  0:34  Drone  
  17  0:53  Hatchery  
  17  0:56  Drone  
  17  0:59  Drone  
  17  1:03  Extractor  
  17  1:14  Spawning Pool  
  17  1:18  Drone  
  17  1:20  Drone  
  18  1:28  Drone  
  19  1:38  Overlord  
  19  1:50  Drone  
  20  2:01  Queen  
  20  2:02  Metabolic Boost  
  20  2:04  Queen  
  20  2:06  Drone  
  25  2:10  Drone  
  25  2:13  Drone  
  27  2:15  Drone  
  27  2:22  Drone  
  29  2:27  Drone  
  30  2:36  Hatchery  
  29  2:40  Zergling x4  
  31  2:45  Overlord  
  31  2:47  Zergling x2  
  32  2:53  Queen  
  32  2:56  Zergling x2  
  32  2:58  Zergling x2  
  36  3:08  Drone  
  36  3:10  Drone x4  
  40  3:13  Drone x2  
  40  3:16  Drone  
  43  3:20  Overlord  
  43  3:26  Overlord  
  43  3:30  Evolution Chamber  
  43  3:31  Drone  
  43  3:36  Overlord  
  43  3:42  Drone  
  43  3:44  Roach Warren  
  43  3:45  Drone  
  43  3:47  Evolution Chamber  
  43  3:50  Zergling x4  
  43  3:51  Drone  
  43  3:53  Zergling x2  
  43  3:55  Drone  
  48  3:56  Drone  
  48  3:59  Drone  
  48  4:01  Drone  
  51  4:04  Drone x2  
  51  4:08  Drone  
  54  4:11  Drone  
  54  4:16  Drone x4  
  56  4:24  Lair, Drone x2  
  56  4:25  Drone  
  56  4:27  Extractor, Drone  
  56  4:28  Drone  
  56  4:29  Drone  
  59  4:32  Extractor  
  59  4:33  Drone  
  59  4:34  Extractor  
  59  4:36  Drone x2  
  60  4:42  Drone x3  
  61  4:47  Extractor  
  61  4:48  Drone  
  61  4:55  Roach x3  
  61  4:56  Drone x2  
  69  5:01  Overlord  
  69  5:05  Drone x2  
  71  5:08  Queen  
  71  5:12  Queen  
  73  5:15  Drone  
  73  5:17  Zerg Missile Weapons Level 1  
  70  5:22  Drone x3  
  70  5:23  Drone x3  
  76  5:28  Glial Reconstitution  
  76  5:29  Zerg Ground Armor Level 1  
  76  5:37  Extractor  
  76  5:39  Hydralisk Den  
  76  5:42  Drone x2  
  76  5:44  Drone, Queen  
  76  5:48  Queen  
  81  5:54  Overlord  
  81  5:55  Overlord  
  81  5:56  Hatchery  
  80  5:58  Roach  
  80  5:59  Overlord  
  80  6:01  Overlord x2  
  80  6:02  Overlord  
  82  6:06  Overlord  
  82  6:09  Muscular Augments  
  82  6:13  Hydralisk  
  82  6:14  Hydralisk x3  
  90  6:19  Hydralisk x3  
  90  6:24  Hydralisk x2  
  100  6:30  Hydralisk x3  
  106  6:34  Roach x2  
  106  6:37  Roach x2  
  106  6:39  Roach  
  116  6:43  Roach  
  118  6:48  Roach  
  118  6:51  Roach  
  124  6:54  Roach x4  
  124  6:58  Roach x3  
  124  6:59  Overlord  
  124  7:00  Overlord  
  136  7:11  Roach x4  
  136  7:12  Zerg Missile Weapons Level 2  
  144  7:17  Unknown  
  144  7:20  Roach x3  
  144  7:21  Overlord  
  150  7:23  Grooved Spines  
  150  7:25  Roach x3  
  156  7:31  Roach  
  156  7:32  Roach  
  156  7:36  Pneumatized Carapace  
  160  7:40  Roach  
  160  7:41  Roach x3  
  168  7:46  Overlord  
  168  7:55  Overlord  
  168  7:56  Overlord  
  168  8:02  Lurker Den  
  168  8:03  Overlord  
  168  8:05  Hydralisk x4  
  167  8:06  Hydralisk  
  175  8:15  Roach x6  
  187  8:25  Roach x6  
  199  8:34  Ravager  
  198  8:49  Overseer x2  
  185  8:57  Roach x9  
  193  9:07  Roach x6  
  181  9:10  Roach  
  181  9:11  Roach  
  181  9:12  Spine Crawler  
  181  9:15  Roach x3  
  181  9:17  Roach  
Show
View Real Time Build Order
Export as new Build Order

Denver Zerg 

Build Orders: Hatch First 

Get SALT Encoding   

  12  0:00  Drone  
  13  0:12  Overlord  
  13  0:17  Drone  
  14  0:31  Drone x2  
  14  0:35  Drone  
  17  0:53  Hatchery  
  16  0:57  Drone  
  16  1:01  Drone  
  18  1:10  Extractor  
  17  1:17  Spawning Pool  
  16  1:20  Drone  
  16  1:24  Drone  
  18  1:30  Drone  
  19  1:40  Overlord  
  19  1:50  Drone  
  20  2:01  Drone  
  21  2:04  Queen  
  21  2:05  Queen  
  25  2:10  Metabolic Boost  
  25  2:14  Zergling x2  
  26  2:17  Drone  
  26  2:21  Drone  
  28  2:27  Drone  
  28  2:28  Drone  
  30  2:43  Hatchery  
  29  2:46  Drone  
  29  2:48  Drone  
  31  2:53  Overlord  
  31  2:55  Drone  
  32  3:01  Baneling Nest  
  32  3:03  Drone  
  32  3:08  Drone x2  
  32  3:10  Zergling x2  
  35  3:14  Zergling x2  
  35  3:15  Zergling x2  
  35  3:18  Zergling x2  
  38  3:20  Zergling x2  
  38  3:22  Drone  
  38  3:24  Zergling x2  
  41  3:27  Zergling x2  
  41  3:30  Overlord  
  41  3:33  Drone  
  42  3:34  Drone  
  42  3:40  Evolution Chamber  
  42  3:43  Drone  
  42  3:45  Baneling x2  
  42  3:46  Drone  
  44  3:53  Drone x3  
  47  3:56  Queen  
  47  4:00  Drone x2  
  47  4:01  Drone  
  52  4:06  Zerg Missile Weapons Level 1, Extractor  
  50  4:14  Drone x3  
  48  4:19  Zergling x2  
  48  4:20  Zergling x8  
  52  4:28  Zergling x4  
  52  4:29  Drone  
  52  4:30  Drone  
  56  4:35  Lair  
  57  4:38  Overlord, Drone x2  
  57  4:44  Overlord  
  58  4:47  Extractor  
  58  4:51  Overlord  
  57  4:57  Overlord  
  57  4:58  Drone x4, Roach Warren  
  60  5:01  Drone x2  
  60  5:04  Drone  
  61  5:17  Overlord  
  61  5:20  Extractor  
  57  5:21  Drone x2  
  57  5:22  Drone x7  
  57  5:24  Drone x3  
  68  5:33  Drone x3  
  70  5:39  Overseer  
  70  5:42  Glial Reconstitution, Evolution Chamber  
  70  5:43  Drone  
  70  5:47  Drone x4  
  70  5:49  Extractor  
  73  5:52  Roach x3  
  73  5:56  Overlord  
  79  5:57  Burrow  
  79  6:00  Hatchery  
  79  6:01  Roach x2  
  79  6:02  Roach  
  84  6:04  Pneumatized Carapace  
  84  6:09  Overlord  
  84  6:11  Extractor, Roach x2  
  88  6:14  Drone x2  
  88  6:15  Drone  
  88  6:18  Zerg Missile Weapons Level 2  
  90  6:23  Overlord  
  90  6:26  Ravager  
  90  6:29  Drone  
  92  6:33  Zerg Ground Armor Level 1  
  92  6:35  Overseer  
  92  6:36  Overlord x3  
  92  6:39  Drone  
  93  6:41  Drone x4  
  93  6:42  Overlord  
  93  6:43  Roach  
  93  6:46  Overseer  
  99  6:48  Overseer  
  99  6:50  Roach x3  
  99  6:51  Roach  
  107  6:59  Hydralisk Den, Extractor, Drone x3  
  107  7:00  Drone  
  109  7:04  Extractor  
  109  7:05  Tunneling Claws  
  108  7:09  Roach x2  
  108  7:14  Roach x3  
  118  7:17  Overlord, Roach x2  
  118  7:19  Overlord  
  122  7:23  Roach x2  
  122  7:24  Roach  
  122  7:26  Roach x2  
  122  7:27  Roach  
  134  7:33  Roach x2  
  134  7:36  Overlord  
  138  7:39  Roach x3  
  138  7:44  Ravager x2  
  146  7:45  Roach  
  146  7:50  Roach  
  146  7:51  Overlord, Roach  
  152  7:53  Overlord  
  152  7:57  Roach x3  
  152  7:58  Ravager x2  
  160  7:59  Overlord  
  160  8:01  Overlord x4  
  158  8:08  Overlord  
  158  8:11  Roach x4  
  158  8:13  Overlord  
  158  8:16  Overlord  
  158  8:23  Roach x3  
  158  8:26  Roach x2  
  158  8:27  Roach x3  
  174  8:29  Ravager x2  
  174  8:31  Roach  
  178  8:34  Roach  
  178  8:35  Roach x3  
  178  8:40  Roach  
  188  8:41  Roach x6  
  190  8:48  Roach  
  190  8:49  Roach x2  
  190  8:50  Roach x6  
  190  8:51  Roach  
  190  8:56  Roach x2  
  190  8:57  Roach  
  190  9:02  Roach  
  184  9:03  Roach x3  
  184  9:08  Roach x3  
  155  9:11  Roach x2  
  155  9:13  Roach  
  155  9:14  Roach  
  155  9:15  Roach  
  129  9:20  Roach  
  124  9:30  Ravager x2  
  132  9:36  Ravager  
Tags
 
Add a new tag
Caveats
  • Supply blocks, unpowered buildings, or Contaminate may cause inaccurate times.
  • Supply counts are checked every 10 seconds.